 Dungeon Crawl Stone Soup version 0.18.1-8-gdd0e5ea (webtiles) character file.

212 zeroDi the Cutter (level 5, 0/26 HPs)
             Began as a Vine Stalker Assassin on May 21, 2016.
             Slain by attackplan's ghost (1 damage)
             ... on level 4 of the Dungeon.
             The game lasted 00:07:37 (1674 turns).

zeroDi the Cutter (Vine Stalker Assassin)           Turns: 1674, Time: 00:07:38

Health: 0/26       AC:  9    Str: 14    XL:     5   Next: 90%
Magic:  0/6        EV: 11    Int: 11    God:
Gold:   116        SH:  0    Dex: 16    Spells: 0 memorised, 4 levels left

rFire  . . .     SeeInvis .     a - +2 rapier (protect)
rCold  . . .     Gourm    .     c - +0 robe
rNeg   . . .     Faith    .     (no shield)
rPois  .         Spirit   +     (no helmet)
rElec  .         Dismiss  .     d - +0 cloak
rCorr  .         Reflect  .     z - +0 pair of gloves
SustAt .         Harm     .     (no boots)
MR     .....                    (no amulet)
Stlth  +++.......               (no ring)
                                (no ring)

@: not resistant to hostile enchantments, fairly stealthy
A: fangs 2, regeneration 1, magic shield, antimagic bite, no device heal 3, rot
immunity
a: no special abilities


You were on level 4 of the Dungeon.
You were hungry.

You visited 1 branch of the dungeon, and saw 4 of its levels.

You collected 116 gold pieces.


Innate Abilities, Weirdness & Mutations

You have extremely sharp teeth.
Your natural rate of healing is unusually fast.
When hurt, damage is shared between your health and your magic reserves.
Your bite disrupts and absorbs the magic of your enemies.
Potions and wands cannot restore your health.
You are immune to rotting.


   Skills:
 - Level 1.7 Fighting
 + Level 5.4 Short Blades
 - Level 1.7 Throwing
 - Level 0.7 Dodging
 - Level 4.8 Stealth


You had 4 spell levels left.
You didn't know any spells.

Inventory:

Hand Weapons
 a - a +2 rapier of protection (weapon)
 b - a +0 blowgun
 s - a +2 dagger
Missiles
 e - 25 poisoned needles
 f - 4 curare-tipped needles {=f}
Armour
 c - a +0 robe (worn)
 d - a +0 cloak (worn)
 z - a +0 pair of gloves (worn)
Jewellery
 m - an uncursed ring of magical power {unknown}
Wands
 w - a wand of flame (26/48)
Scrolls
 h - 4 scrolls of identify {@r1}
 i - 7 scrolls of remove curse {unknown}
 p - 3 scrolls of noise {unknown}
 q - a scroll of blinking {unknown}
 t - a scroll of fear {unknown}
 y - a scroll of teleportation {unknown}
Potions
 j - 3 potions of degeneration {unknown}
 l - 2 potions of curing {unknown}
 o - 2 potions of might {unknown}
 r - a potion of mutation {unknown}
 u - 2 potions of invisibility {unknown}
 v - a potion of haste {unknown}
Comestibles
 g - 3 bread rations
 x - a slice of pizza

Dungeon Overview and Level Annotations

Branches:
Dungeon (4/15)
 Temple: D:4-7

Altars:
Gozag

Annotations:
D:3 !grinder, Grinder
D:4 attackplan's ghost, amateur HOFi

*****,*,,,,,*,*,*,,* *,*,***,,,*
*****,***,..#.*,,,,* *,*,,,,,,,,
,,,,,,,...#.#.##..,* *,*,,,,,,,*
,,***,*#..#....#.,,****.*,,,,,,,,
,,***,*........................#*
,<,,,,,.............#.##........*
,,,,,,,......................>...
*,***,*......oo###..#...........#
*,*,,,,,,,#..ooW@..?.............
*,,,,,**#....#Z###..#...........#
,,,,,,,,...###.####.#..##..#.#..#
*****,,*##.......Z........$.....#
,,,,*,,**#####.###...............
***,*,,,,,,,*#.#.................
*,*,,,***,*#.#.###.........####
*,*,,,* *,*#........######.####
*,*,,,* *,*....................


You could see an orc priest, an orc wizard, attackplan's ghost, 2 orcs and an
adder skeleton.


Message History

Attackplan's ghost hits you!
* * * LOW HITPOINT WARNING * * *
An orc priest comes into view. It is wielding a club.
The orc hits you but does no damage.
You barely miss attackplan's ghost. Your bite misses attackplan's ghost.
Attackplan's ghost is lightly damaged.
Attackplan's ghost hits you.
* * * LOW HITPOINT WARNING * * *
Read which item? (? for menu, Esc to quit)
As you read the scroll labeled LIPYRY LIPIRPHI, it crumbles to dust.
You feel aware of your surroundings.
It was a scroll of magic mapping.
Attackplan's ghost hits you.
* * * LOW HITPOINT WARNING * * *
Read which item? (? for menu, Esc to quit)
As you read the scroll labeled MILAZX SANE, it crumbles to dust.
It is a scroll of enchant weapon.
Enchant which weapon? (? for menu, Esc to quit)
Your +1 rapier of protection glows red for a moment.
Attackplan's ghost hits you.
You die...

Action                   |  1- 3 |  4- 6 || total
-------------------------+-------+-------++-------
Melee: Dagger            |    80 |    36 ||   116
       Bite              |    11 |    31 ||    42
       Rapier            |       |    83 ||    83
 Fire: Blowgun           |    10 |    11 ||    21
  Use: Scroll            |       |     3 ||     3
 Stab: Sleeping          |    10 |     3 ||    13
       Distracted        |     1 |       ||     1
  Eat: Chunk             |       |     2 ||     2
Armor: Robe              |    18 |    46 ||    64
Dodge: Dodged            |    42 |    51 ||    93

Vault maps used:
D:1:      evilmike_arrival_crescent
D:2:      lemuel_doored_altar, uniq_natasha
D:3:      nemelex_lonely_heart_becter, uniq_grinder
D:4:      uniq_sigmund

Notes
Turn   | Place    | Note
--------------------------------------------------------------
     0 | D:1      | zeroDi the Vine Stalker Assassin began the quest for the Orb.
     0 | D:1      | Reached XP level 1. HP: 11/11 MP: 2/2
    12 | D:1      | Reached skill level 2 in Short Blades
    60 | D:1      | Reached XP level 2. HP: 15/15 MP: 3/3
   237 | D:1      | Reached skill level 3 in Short Blades
   451 | D:2      | Reached XP level 3. HP: 18/18 MP: 4/4
   492 | D:2      | Found an opulent altar of Gozag.
   790 | D:2      | Noticed Natasha
   808 | D:2      | Killed Natasha
   808 | D:2      | Reached XP level 4. HP: 21/23 MP: 5/5
   974 | D:2      | Reached skill level 4 in Short Blades
  1078 | D:3      | Reached XP level 5. HP: 23/26 MP: 6/6
  1249 | D:3      | Reached skill level 5 in Short Blades
  1587 | D:3      | Noticed Grinder
  1610 | D:4      | Noticed an ogre
  1635 | D:4      | Noticed attackplan's ghost (amateur HOFi)
  1673 | D:4      | HP: 1/26 [attackplan's ghost (3)]
  1674 | D:4      | Slain by attackplan's ghost

Vanquished Creatures
  An orc priest (D:3)
  Natasha (D:2)
  3 orc wizards
  An adder (D:3)
  A dart slug (D:1)
  2 giant geckos
  8 orcs
  5 bats
  3 giant cockroaches
  6 goblins
  6 hobgoblins
  6 jackals
  3 quokkas
  5 giant newts
  5 kobolds
  3 rats (D:1)
59 creatures vanquished.
